[Event "Titled Tuesday Blitz October 18 Late 2022"]
[White "Girsh, Daniel"]
[Black "Pranav, V"]
[WhiteFideId "30949190"]
[BlackFideId "25060783"]
[WhiteElo "2075"]
[BlackElo "2430"]
[Result "0-1"]
[Round "01"]
[TimeControl "180+1"]
[Date "2022.10.18"]
[WhiteClock "0:00:14"]
[BlackClock "0:00:23"]

1. e4 c5 2. Nf3 d6 3. d4 cxd4 4. Nxd4 Nf6 5. Nc3 a6 6. Be2 e5 7. Nb3 Be7 8. O-O O-O 9. Be3 Nc6 10. Qd2 Be6 11. Rad1 Rc8 12. Kh1 b5 13. a3 b4 14. axb4 Nxb4 15. f4 exf4 16. Bxf4 d5 17. e5 Ne4 18. Nxe4 dxe4 19. Nd4 Qb6 20. c3 Nd5 21. Nxe6 fxe6 22. Bg4 e3 23. Qd4 Bc5 24. Qe4 Rce8 25. Bg3 a5 26. c4 Nc7 27. Bh5 Rxf1+ 28. Rxf1 Rf8 29. Rxf8+ Bxf8 30. Qf3 g6 31. Bg4 Qxb2 32. Qxe3 a4 33. Qa7 a3 34. h4 a2 35. Qxc7 a1=Q+ 36. Kh2 Qbb1 37. Bxe6+ Kh8 38. Kh3 Qh1+ 39. Kg4 Qd4+ 40. Bf4 Qxg2# 0-1


[Site "https://www.chess.com"]

[Event "Titled Tuesday Blitz October 18 Late 2022"]
[White "Goltsev, Dmitry"]
[Black "Torres Boch, Jose Francisco"]
[WhiteFideId "24176710"]
[BlackFideId "2278383"]
[WhiteElo "2257"]
[BlackElo "2073"]
[Result "1-0"]
[Round "01"]
[TimeControl "180+1"]
[Date "2022.10.19"]
[WhiteClock "0:02:31"]
[BlackClock "0:01:31"]

1. e4 e5 2. Nf3 Nc6 3. Bb5 a6 4. Ba4 Nf6 5. O-O Be7 6. Re1 b5 7. Bb3 d6 8. c3 O-O 9. h3 Nb8 10. d4 Nbd7 11. Nbd2 Bb7 12. Qe2 c5 13. d5 c4 14. Bc2 Nc5 15. Nf1 Nfd7 16. Ng3 g6 17. Bh6 Re8 18. Nh2 Bg5 19. Ng4 Bxh6 20. Nxh6+ Kh8 21. Nxf7+ 1-0


[Site "https://www.chess.com"]

[Event "Titled Tuesday Blitz October 18 Late 2022"]
[White "Goncalves, Davi Sulzbacher"]
[Black "Li, Ruifeng"]
[WhiteFideId "2154510"]
[BlackFideId "2061074"]
[WhiteElo "2182"]
[BlackElo "2441"]
[Result "0-1"]
[Round "01"]
[TimeControl "180+1"]
[Date "2022.10.18"]
[WhiteClock "0:00:03"]
[BlackClock "0:00:10"]

1. d4 d5 2. c4 e6 3. Nf3 Nf6 4. g3 dxc4 5. Bg2 Be7 6. O-O O-O 7. Ne5 c5 8. dxc5 Qc7 9. Nxc4 Bxc5 10. Nba3 Rd8 11. Bf4 Qe7 12. Qb3 Nd5 13. Rfd1 Nc6 14. Rac1 Nd4 15. Qd3 Nb4 16. Qe4 f5 17. Qe3 h6 18. Nb5 Nbc6 19. Bc7 Nxb5 20. Bxd8 Bxe3 21. Bxe7 Bxc1 22. Bxc6 bxc6 23. Rxc1 Bd7 24. Bc5 Be8 25. a4 Nc7 26. Nd6 Nd5 27. f3 a5 28. e4 fxe4 29. fxe4 Nf6 30. Bd4 Bd7 31. Kf2 Rb8 32. Ke3 Ng4+ 33. Kd3 Nxh2 34. Rc5 Nf3 35. Rxa5 e5 36. Bc3 Be6 37. Nc4 Rd8+ 38. Ke3 Nd4 39. Nxe5 Nc2+ 40. Kf2 Rf8+ 41. Kg2 Ne3+ 42. Kh2 Rf2+ 43. Kg1 Rg2+ 44. Kh1 Bh3 45. Ra8+ Kh7 46. Nd3 Ng4 47. Rf8 Rc2 48. Rf7 h5 49. Rxg7+ Kh6 50. Rf7 Re2 51. Nf4 Bg2+ 52. Kg1 Rc2 53. Nxg2 Rc1+ 54. Ne1 Rc2 55. Kf1 Ne3+ 56. Kg1 Re2 57. Rf6+ Kg5 58. Rxc6 Kg4 59. Rg6+ Kh3 60. Bd4 Ng4 61. Rxg4 Kxg4 62. Ng2 Rxe4 63. Ne3+ Kf3 64. Bb6 Rxa4 65. Nc4 Rxc4 0-1


[Site "https://www.chess.com"]

[Event "Titled Tuesday Blitz October 18 Late 2022"]
[White "Goryachkina, Aleksandra"]
[Black "Droin, Augustin"]
[WhiteFideId "4147103"]
[BlackFideId "45105987"]
[WhiteElo "2484"]
[BlackElo "2316"]
[Result "0-1"]
[Round "01"]
[TimeControl "180+1"]
[Date "2022.10.19"]
[WhiteClock "0:00:01"]
[BlackClock "0:01:14"]

1. e4 c5 2. Nf3 d6 3. Bb5+ Nd7 4. Ba4 Nf6 5. O-O e5 6. c3 a6 7. d4 b5 8. Bc2 Bb7 9. Nbd2 Rc8 10. a4 cxd4 11. cxd4 Be7 12. Bd3 Qb6 13. Re1 O-O 14. a5 Qc7 15. Nb3 d5 16. dxe5 Nxe4 17. Bf4 Ndc5 18. Nfd4 Nxd3 19. Qxd3 Qc4 20. Qe3 Rfe8 21. Nf5 Bf8 22. Nbd4 Qb4 23. f3 Nc5 24. Re2 Ne6 25. Bg3 Nxd4 26. Nxd4 Rc4 27. Bf2 Rec8 28. Rd1 Bc5 29. h3 Qxa5 30. e6 Qc7 31. exf7+ Qxf7 32. Qd2 h6 33. b3 Rb4 34. Rc1 a5 35. Kh2 Bd6+ 36. Kg1 Rxc1+ 37. Qxc1 a4 38. bxa4 bxa4 39. Ne6 Rc4 40. Qb1 Bc8 41. Nd4 a3 0-1


[Site "https://www.chess.com"]

[Event "Titled Tuesday Blitz October 18 Late 2022"]
[White "Graif, William"]
[Black "Melkumyan, Hrant"]
[WhiteFideId "2609835"]
[BlackFideId "13302485"]
[WhiteElo "2205"]
[BlackElo "2604"]
[Result "0-1"]
[Round "01"]
[TimeControl "180+1"]
[Date "2022.10.18"]
[WhiteClock "0:00:03"]
[BlackClock "0:00:47"]

1. d4 Nf6 2. Nc3 g6 3. e4 d6 4. Bg5 Bg7 5. e5 Nfd7 6. exd6 cxd6 7. Qd2 Nc6 8. O-O-O Nxd4 9. Nd5 Nc6 10. Bb5 f6 11. Bh6 Bxh6 12. Qxh6 Kf7 13. Nf3 Nde5 14. Rhe1 Bf5 15. Ne3 Be6 16. Nxe5+ Nxe5 17. f4 Qa5 18. fxe5 Qxb5 19. exf6 exf6 20. Rxd6 Rae8 21. Red1 Qe5 22. Kb1 Qxe3 23. Qxe3 Bxa2+ 24. Kxa2 Rxe3 25. Rd7+ Re7 26. Rxe7+ Kxe7 27. Re1+ Kf7 28. Rd1 Re8 29. Rd2 f5 30. Kb3 Kf6 31. Kc4 f4 32. Kc5 Re5+ 33. Kd6 g5 34. Kc7 Re7+ 35. Kb8 a6 36. h3 h5 37. Rf2 Kf5 38. Rd2 g4 39. Rd5+ Re5 40. Rxe5+ Kxe5 41. hxg4 hxg4 42. Kxb7 f3 43. gxf3 gxf3 44. Kxa6 f2 45. b4 f1=Q+ 46. b5 Kd6 47. Ka5 Kc5 48. c4 Qa1# 0-1


[Site "https://www.chess.com"]

[Event "Titled Tuesday Blitz October 18 Late 2022"]
[White "Gubajdullin, Alexei"]
[Black "Wiegmann, Sascha"]
[WhiteFideId "4141202"]
[BlackFideId "4682041"]
[WhiteElo "2200"]
[BlackElo "2270"]
[Result "0-1"]
[Round "01"]
[TimeControl "180+1"]
[Date "2022.10.19"]
[WhiteClock "0:00:27"]
[BlackClock "0:00:18"]

1. d4 Nf6 2. Nf3 g6 3. Bf4 Bg7 4. e3 d6 5. Be2 O-O 6. O-O Nbd7 7. h3 c5 8. c3 a6 9. a4 b6 10. Bh2 Bb7 11. Qb3 Ra7 12. Rd1 Qa8 13. Na3 Rb8 14. Nc4 Bd5 15. Qc2 Ne4 16. Ncd2 Nxd2 17. Qxd2 Be4 18. c4 Nf6 19. d5 Bxf3 20. Bxf3 b5 21. b3 bxc4 22. bxc4 Rb4 23. Qc2 Rab7 24. Ra2 a5 25. Bf4 Qb8 26. e4 Nd7 27. Bd2 Rb2 28. Rxb2 Rxb2 29. Qc1 Qb3 30. Bxa5 Qxa4 31. Be1 Rc2 32. Qg5 Bf6 33. Qh6 Qxc4 34. Rb1 Rb2 35. Ra1 Rb8 36. Ra8 Rxa8 37. Bd2 Ne5 38. Bg4 Nxg4 39. hxg4 Ra1+ 40. Kh2 Qxe4 41. g5 Be5+ 0-1


[Site "https://www.chess.com"]

[Event "Titled Tuesday Blitz October 18 Late 2022"]
[White "Gupta, Abhijeet"]
[Black "Taboas Rodriguez, Daniel"]
[WhiteFideId "5010608"]
[BlackFideId "2208466"]
[WhiteElo "2549"]
[BlackElo "2429"]
[Result "1-0"]
[Round "01"]
[TimeControl "180+1"]
[Date "2022.10.18"]
[WhiteClock "0:00:18"]
[BlackClock "0:00:07"]

1. d4 Nf6 2. Nf3 g6 3. Nc3 d5 4. Bf4 Bf5 5. h3 Bg7 6. Nb5 Na6 7. e3 c6 8. Na3 Nc7 9. Bd3 Bxd3 10. Qxd3 Ne4 11. O-O O-O 12. c4 e6 13. Rac1 Rc8 14. b4 a6 15. Nd2 Nxd2 16. Qxd2 Ne8 17. cxd5 exd5 18. Nb1 Nd6 19. Bxd6 Qxd6 20. a4 f5 21. g3 h5 22. h4 Kh7 23. Rc5 Rce8 24. b5 axb5 25. axb5 f4 26. exf4 Re4 27. bxc6 Bxd4 28. Rb5 bxc6 29. Rb7+ Kg8 30. Nc3 Bxc3 31. Qxc3 Qf6 32. Qa5 Re7 33. Rxe7 Qxe7 34. Re1 Qd6 35. Qb6 d4 36. Qb3+ Kh8 37. Re6 Rb8 38. Rxd6 Rxb3 39. Rxd4 Kg7 40. Rd7+ Kh6 41. Rd6 c5 42. f5 c4 43. Rxg6+ Kh7 44. Rc6 c3 45. Kg2 Kg7 46. Kf3 c2+ 47. Kf4 Rb2 48. Kg5 Kf7 49. Rc7+ Ke8 50. Kxh5 Kd8 51. Rc3 Kd7 52. Kg6 Rb6+ 53. f6 Rc6 54. Rxc6 Kxc6 55. f7 c1=Q 56. f8=Q Qc2+ 57. Qf5 Qe2 58. h5 Qe8+ 59. Kg5 Kb7 60. h6 Qg8+ 61. Kh5 Qe8+ 62. Kh4 Qe7+ 63. Qg5 Qe4+ 64. f4 Qh1+ 65. Kg4 Qd1+ 66. Kf5 Qd7+ 67. Kg6 Qe6+ 68. Qf6 Qg4+ 69. Kh7 Ka8 70. Qh8+ Kb7 71. Qg7+ 1-0


[Site "https://www.chess.com"]

[Event "Titled Tuesday Blitz October 18 Late 2022"]
[White "Guzman Moneo, Alberto"]
[Black "Araujo Sanchez, Josue"]
[WhiteFideId "2209616"]
[BlackFideId "6416896"]
[WhiteElo "2157"]
[BlackElo "2370"]
[Result "0-1"]
[Round "01"]
[TimeControl "180+1"]
[Date "2022.10.19"]
[WhiteClock "0:00:03"]
[BlackClock "0:00:16"]

1. e4 c5 2. Nc3 d6 3. f4 Nc6 4. Nf3 Bg4 5. Bb5 g6 6. d4 Bxf3 7. gxf3 Bg7 8. dxc5 Qa5 9. Bxc6+ bxc6 10. cxd6 Rd8 11. Bd2 Rxd6 12. e5 Rd8 13. Qe2 Nh6 14. Ne4 Qb6 15. Bc3 O-O 16. Ng3 Rd5 17. Qf2 Qa6 18. Qe2 Qa4 19. Qe4 Qb5 20. a4 Qb6 21. a5 Qb5 22. Qe2 Qc5 23. Qf2 Qc4 24. Qe3 Rfd8 25. b3 Qb5 26. Bb2 Qa6 27. Qe2 Qxe2+ 28. Nxe2 Nf5 29. Bc3 Bh6 30. Kf2 c5 31. a6 c4 32. b4 e6 33. Ra5 Rxa5 34. bxa5 Bf8 35. Ng3 Bc5+ 36. Ke2 Nxg3+ 37. hxg3 Rc8 38. Rd1 Rc6 39. Rd7 h5 40. Bd4 Bxd4 41. Rxd4 Rxa6 42. Rxc4 Rxa5 43. Rc7 Kf8 44. c4 Ke8 45. c5 Ra2+ 46. Ke3 Ra3+ 47. Ke4 Ra4+ 48. Ke3 Rc4 49. Rxa7 Rxc5 50. Ra8+ Ke7 51. Ra2 Kf8 52. Kf2 Rc4 53. Kg2 h4 54. Re2 Kg7 55. Kh3 hxg3 56. Kxg3 Rc1 57. Rg2 Rf1 58. Kg4 Rh1 59. Rg3 Rh5 60. Rg2 Rf5 61. Rg3 Kh6 62. Rg2 g5 63. Rh2+ Kg6 64. fxg5 Rxg5+ 65. Kf4 Rf5+ 66. Ke4 Rh5 67. Rg2+ Rg5 68. Rh2 Rg1 69. f4 Re1+ 70. Kf3 Rf1+ 71. Kg3 Kf5 72. Rh5+ Ke4 73. Rh4 Rf3+ 74. Kg2 Rxf4 75. Rh7 Kxe5 76. Kg3 f5 77. Ra7 Rd4 78. Kf2 Rd5 79. Ke3 f4+ 80. Ke2 Kf5 81. Ra6 e5 82. Ra8 Ke4 83. Ra4+ Rd4 84. Ra8 f3+ 85. Ke1 Kf4 86. Rf8+ Ke3 87. Re8 e4 88. Rf8 Rd2 89. Rf7 f2+ 90. Kf1 Rd1+ 91. Kg2 Rg1+ 92. Kh2 f1=Q 93. Rf3+ Qxf3 94. Kxg1 Qe2 95. Kh1 Kf3 96. Kg1 Qg2# 0-1


[Site "https://www.chess.com"]

[Event "Titled Tuesday Blitz October 18 Late 2022"]
[White "Hajiyev, Kanan"]
[Black "Ter-Sahakyan, Samvel"]
[WhiteFideId "13404148"]
[BlackFideId "13302531"]
[WhiteElo "2118"]
[BlackElo "2604"]
[Result "0-1"]
[Round "01"]
[TimeControl "180+1"]
[Date "2022.10.18"]
[WhiteClock "0:00:17"]
[BlackClock "0:00:16"]

1. d4 Nf6 2. Nf3 d5 3. c4 e6 4. cxd5 exd5 5. Nc3 c6 6. Bg5 h6 7. Bh4 Be7 8. Qc2 g6 9. e3 Bf5 10. Bd3 Bxd3 11. Qxd3 Nbd7 12. O-O O-O 13. Ne5 Nxe5 14. dxe5 Nd7 15. Bg3 Nc5 16. Qe2 Qd7 17. Rad1 Qf5 18. e4 Nxe4 19. Nxe4 dxe4 20. Rd4 e3 21. Qxe3 Bc5 22. Qd3 Bxd4 23. Qxd4 Rfd8 24. Qe3 Kh7 25. h4 Rd3 26. Qc5 Rd5 27. Qe7 Rd7 28. Qb4 Rad8 29. a4 a6 30. Qc3 Rd1 31. Rxd1 Rxd1+ 32. Kh2 g5 33. Qb3 gxh4 34. Qxd1 hxg3+ 35. Kxg3 Qxe5+ 36. Kh3 Qxb2 37. Qd3+ Kh8 38. Qd8+ Kg7 39. f3 b5 40. a5 b4 41. Qb6 Qc3 42. Qxa6 b3 43. Qb6 b2 44. a6 Qc2 45. a7 b1=Q 46. Qxb1 Qxb1 47. a8=Q Qf5+ 48. Kg3 Qe5+ 49. Kf2 c5 50. Qa5 Qd4+ 51. Ke2 c4 52. Qd2 Qxd2+ 53. Kxd2 Kf6 54. Kc3 Ke5 55. g3 Kd5 56. g4 Ke5 57. Kxc4 Kf4 0-1


[Site "https://www.chess.com"]

[Event "Titled Tuesday Blitz October 18 Late 2022"]
[White "Hamitevici, Vladimir"]
[Black "Marin Masis, Jose Esteban"]
[WhiteFideId "13902393"]
[BlackFideId "6508146"]
[WhiteElo "2401"]
[BlackElo "1838"]
[Result "1-0"]
[Round "01"]
[TimeControl "180+1"]
[Date "2022.10.19"]
[WhiteClock "0:01:23"]
[BlackClock "0:01:17"]

1. e4 c5 2. Nf3 Nc6 3. Nc3 Nf6 4. Bb5 Nd4 5. e5 Nxb5 6. Nxb5 Nd5 7. O-O g6 8. c4 Nc7 9. d4 Nxb5 10. cxb5 cxd4 11. Qxd4 Bg7 12. Bg5 O-O 13. Qh4 Re8 14. Rfd1 Qb6 15. Bxe7 Qxb5 16. Bf6 b6 17. Bxg7 Kxg7 18. Qf6+ Kg8 19. Ng5 Rf8 20. h4 Bb7 21. Rd6 Rae8 22. Re1 h6 23. h5 hxg5 24. h6 1-0


[Site "https://www.chess.com"]

[Event "Titled Tuesday Blitz October 18 Late 2022"]
[White "Hansen, Eric"]
[Black "Kunin, Vitaly"]
[WhiteFideId "2606771"]
[BlackFideId "4128737"]
[WhiteElo "2568"]
[BlackElo "2417"]
[Result "0-1"]
[Round "01"]
[TimeControl "180+1"]
[Date "2022.10.18"]
[WhiteClock "0:00:01"]
[BlackClock "0:00:02"]

1. d4 d6 2. e4 Nf6 3. Nc3 e5 4. Nge2 Be7 5. h3 h5 6. g3 c6 7. Bg2 Nbd7 8. a4 Qc7 9. O-O O-O 10. f4 Re8 11. Be3 Bf8 12. Kh1 b6 13. fxe5 dxe5 14. d5 Bb7 15. dxc6 Bxc6 16. Nb5 Bxb5 17. axb5 Bc5 18. Bg5 Nh7 19. Bd2 Rad8 20. Nc1 Ndf6 21. Nd3 Bd4 22. Ra3 Nf8 23. c3 Bc5 24. Nxc5 Qxc5 25. Qe2 Rd7 26. Be3 Qd6 27. Raa1 Red8 28. Bf3 Ne6 29. Kh2 Qc7 30. Rf2 g6 31. Raf1 Nh7 32. Bg2 Neg5 33. h4 Ne6 34. Bh3 Re8 35. Rf3 Nhf8 36. Rf6 Nh7 37. R6f2 Nhf8 38. Qf3 Rde7 39. Bh6 Nh7 40. Bxe6 fxe6 41. Qe2 Qd7 42. Rd1 Qc7 43. Rf3 Rf7 44. Rxf7 Qxf7 45. Rf1 Qd7 46. Qf3 Qe7 47. Rf2 Qd7 48. c4 Qe7 49. b3 Qd7 50. Qc3 Qc7 51. Rd2 Nf6 52. Be3 Ng4+ 53. Kh3 Rf8 54. Qd3 Qf7 0-1


[Site "https://www.chess.com"]

[Event "Titled Tuesday Blitz October 18 Late 2022"]
[White "Hemam, Moulaye Brahim"]
[Black "Shuvalov, Evgenij"]
[WhiteFideId "19600054"]
[BlackFideId "4187237"]
[WhiteElo "2088"]
[BlackElo "2049"]
[Result "0-1"]
[Round "01"]
[TimeControl "180+1"]
[Date "2022.10.19"]
[WhiteClock "0:00:12"]
[BlackClock "0:01:50"]

1. e4 e6 2. d4 d5 3. Nc3 Bb4 4. e5 Ne7 5. Bd2 O-O 6. Nce2 Bxd2+ 7. Qxd2 c5 8. c3 b6 9. f4 Ba6 10. Nf3 Nbc6 11. Ng3 Bxf1 12. Rxf1 f6 13. O-O-O c4 14. Rde1 f5 15. Ng5 Qd7 16. Ne2 b5 17. h3 b4 18. g4 bxc3 19. Nxc3 Nb4 20. Kb1 Rab8 21. Re3 Nd3 22. Rxd3 cxd3 23. Qxd3 h6 24. Nf3 fxg4 25. hxg4 Rxf4 26. g5 h5 27. Rh1 g6 28. Ne2 Rf5 29. Ng3 Qb7 30. b3 a5 31. Nxf5 Nxf5 32. Nh4 a4 33. Nxg6 axb3 34. axb3 Qxb3+ 35. Qxb3 Rxb3+ 36. Kc2 Nxd4+ 37. Kd2 Rg3 38. Rxh5 Rxg5 39. Rxg5 Nf3+ 40. Ke3 Nxg5 41. Nf4 Kf7 42. Nxd5 exd5 43. Kd4 Ke6 0-1


[Site "https://www.chess.com"]

[Event "Titled Tuesday Blitz October 18 Late 2022"]
[White "Hirneise, Jens"]
[Black "Eisen, Zane"]
[WhiteFideId "24614734"]
[BlackFideId "2098750"]
[WhiteElo "2344"]
[BlackElo "2038"]
[Result "1-0"]
[Round "01"]
[TimeControl "180+1"]
[Date "2022.10.19"]
[WhiteClock "0:00:38"]
[BlackClock "0:00:13"]

1. e4 c5 2. Nc3 Nc6 3. Bb5 g6 4. Bxc6 bxc6 5. d4 Bg7 6. Nge2 cxd4 7. Nxd4 Nf6 8. O-O O-O 9. e5 Nd5 10. Nxd5 cxd5 11. f4 d6 12. exd6 Qxd6 13. c3 Rb8 14. Re1 a5 15. a4 Ba6 16. Kh1 Rfe8 17. Nf3 Bh6 18. Ne5 Rbd8 19. Be3 e6 20. Qd2 Bg7 21. Bd4 Rb8 22. Re3 Rbd8 23. Rae1 Bc8 24. Qf2 Bd7 25. Rh3 Bxa4 26. Qh4 h6 27. Ng4 h5 28. Bxg7 Kxg7 29. Qf6+ Kh7 30. Rxh5+ gxh5 31. Qh6+ Kg8 32. Nf6# 1-0


[Site "https://www.chess.com"]

[Event "Titled Tuesday Blitz October 18 Late 2022"]
[White "Hnydiuk, Aleksander"]
[Black "Marcolino, Daniel Mattos"]
[WhiteFideId "1109057"]
[BlackFideId "2106841"]
[WhiteElo "2374"]
[BlackElo "2053"]
[Result "1-0"]
[Round "01"]
[TimeControl "180+1"]
[Date "2022.10.19"]
[WhiteClock "0:01:00"]
[BlackClock "0:00:25"]

1. g3 d5 2. Nf3 Nf6 3. Bg2 e6 4. O-O b6 5. d3 Bb7 6. Nc3 Be7 7. e4 dxe4 8. dxe4 Qxd1 9. Rxd1 Nxe4 10. Nb5 Na6 11. Ne5 Nec5 12. Nc6 Bf6 13. c3 O-O 14. a4 Bxc6 15. Bxc6 Rad8 16. Bf4 e5 17. Be3 Rxd1+ 18. Rxd1 Nxa4 19. Ra1 N4c5 20. b4 Nb8 21. Bg2 Ne6 22. Rxa7 c5 23. Bd5 Rd8 24. Bxe6 fxe6 25. bxc5 bxc5 26. Bxc5 Nc6 27. Ra6 Rc8 28. Nd6 Rc7 29. Ra8+ Nd8 30. Bb6 Rd7 31. Ne4 Kf7 32. Nxf6 1-0


[Site "https://www.chess.com"]

[Event "Titled Tuesday Blitz October 18 Late 2022"]
[White "Hoffmann, Asa"]
[Black "Janaszak, Dawid"]
[WhiteFideId "2001470"]
[BlackFideId "1119206"]
[WhiteElo "2117"]
[BlackElo "2226"]
[Result "0-1"]
[Round "01"]
[TimeControl "180+1"]
[Date "2022.10.19"]
[WhiteClock "0:00:41"]
[BlackClock "0:00:21"]

1. d4 Nf6 2. Bg5 d5 3. Nd2 c5 4. e3 Nc6 5. c3 Qb6 6. Rb1 Bf5 7. dxc5 Qxc5 8. Nb3 Qd6 9. Rc1 Ne4 10. Bf4 e5 11. Bg3 Be7 12. Nf3 O-O 13. Be2 Rad8 14. O-O Nxg3 15. hxg3 Rfe8 16. Nbd2 Qb8 17. Qa4 a6 18. c4 d4 19. exd4 exd4 20. Rfe1 Bf6 21. Qa3 d3 22. Bf1 Rd7 23. Rxe8+ Qxe8 24. Re1 Qd8 25. b4 Be7 26. c5 h6 27. Qb3 Bf6 28. a4 a5 29. b5 Nb4 30. Nc4 Be6 31. Rxe6 fxe6 32. Nb6 Rf7 33. Nd2 Bd4 34. Ne4 d2 35. Qd1 Nd5 36. Bc4 Kh8 37. Bxd5 exd5 38. Nd6 Rxf2 39. Kh2 Bxc5 40. Nxd5 Qxd6 41. Nf4 Be3 42. Nh3 Rf1 0-1


[Site "https://www.chess.com"]

[Event "Titled Tuesday Blitz October 18 Late 2022"]
[White "Huber, Benedikt"]
[Black "Har-Zvi, Ronen"]
[WhiteFideId "12923583"]
[BlackFideId "2801485"]
[WhiteElo "2199"]
[BlackElo "2523"]
[Result "0-1"]
[Round "01"]
[TimeControl "180+1"]
[Date "2022.10.19"]
[WhiteClock "0:02:26"]
[BlackClock "0:02:23"]

1. d4 d5 2. Nc3 Nf6 3. Bf4 c5 4. e4 Nxe4 5. Nxe4 dxe4 6. dxc5 Qa5+ 7. c3 Qxc5 8. Qa4+ Nc6 9. Qxe4 g6 10. Nf3 Bg7 11. Be2 Bxc3+ 12. Kf1 Bxb2 13. Rd1 Bf5 14. Qa4 O-O 15. h3 Bc2 0-1


[Site "https://www.chess.com"]

[Event "Titled Tuesday Blitz October 18 Late 2022"]
[White "Iliaguev, Nisim"]
[Black "Lorenzo De La Riva, Lazaro"]
[WhiteFideId "2817276"]
[BlackFideId "2268809"]
[WhiteElo "2264"]
[BlackElo "2325"]
[Result "1-0"]
[Round "01"]
[TimeControl "180+1"]
[Date "2022.10.19"]
[WhiteClock "0:00:07"]
[BlackClock "0:00:03"]

1. d4 d5 2. g3 Nf6 3. Bg2 e6 4. Nf3 Be7 5. O-O O-O 6. c4 dxc4 7. Ne5 Nc6 8. Nxc6 bxc6 9. Na3 Bxa3 10. bxa3 Nd5 11. e4 Nb6 12. a4 a5 13. Ba3 Re8 14. Bc5 Rb8 15. Qc2 Ba6 16. Rfd1 Nd7 17. Ba3 Qc8 18. Qc3 Nb6 19. Qxa5 Ra8 20. Qb4 Rb8 21. a5 Nd7 22. Qc3 Rb5 23. e5 Qa8 24. Qxc4 Bb7 25. Bb4 c5 26. Qxb5 Bxg2 27. Qxd7 cxb4 28. Qxe8+ Qxe8 29. Kxg2 Qb5 30. Rac1 Qxa5 31. Rc2 h5 32. h4 Qd5+ 33. Kg1 c6 34. Rdd2 Kh7 35. Rc5 Qe4 36. Rc1 Kg6 37. Rcc2 Kf5 38. Rb2 g5 39. hxg5 Kxg5 40. Kh2 h4 41. Rxb4 h3 42. f3 Qxf3 43. Rb3 Qf1 44. Rbb2 Kg4 45. Rf2 Qc1 46. Rf4+ Kg5 47. Rbf2 Qe3 48. Kxh3 Qe1 49. Kg2 Qe3 50. Kh3 Qe1 51. Kh2 Qe3 52. R2f3 Qe2+ 53. Rf2 Qh5+ 54. Kg2 Qd1 55. Rxf7 Qxd4 56. Rg7+ Kh6 57. Re7 Qd5+ 58. Kh3 Qxe5 59. Rf4 Kg6 60. Ref7 Qh5+ 61. Kg2 Qe2+ 62. Rf2 Qe4+ 63. Kh3 e5 64. R7f6+ Kg5 65. R2f5+ Qxf5+ 66. Rxf5+ Kxf5 67. a4 e4 68. Kg2 c5 69. a5 c4 70. a6 c3 71. a7 c2 72. a8=Q c1=Q 73. Qd5+ Kf6 74. Qxe4 Qd2+ 75. Kf3 Qd1+ 76. Kf4 Qf1+ 77. Kg4 Qd1+ 78. Kh4 Kg7 79. Qe7+ Kg6 80. Qg5+ Kf7 81. Qh5+ 1-0


[Site "https://www.chess.com"]

[Event "Titled Tuesday Blitz October 18 Late 2022"]
[White "Ismayil, Malak"]
[Black "Riehle, Marco"]
[WhiteFideId "13412604"]
[BlackFideId "12904392"]
[WhiteElo "1879"]
[BlackElo "2462"]
[Result "0-1"]
[Round "01"]
[TimeControl "180+1"]
[Date "2022.10.19"]
[WhiteClock "0:00:06"]
[BlackClock "0:00:58"]

1. e4 e5 2. Nf3 Nf6 3. Nxe5 Nxe4 4. Nc3 Qe7 5. Nxe4 Qxe5 6. Qe2 d5 7. Nc3 Qxe2+ 8. Bxe2 c6 9. d3 Bd6 10. Bf3 O-O 11. O-O Na6 12. a3 Bf5 13. Bg5 Nc7 14. Ne2 Rfe8 15. Bf4 Bxf4 16. Nxf4 Nb5 17. g4 Nd4 18. Kg2 Bd7 19. c3 Nxf3 20. Kxf3 Re7 21. Rae1 Rae8 22. Re3 Rxe3+ 23. fxe3 g6 24. Ne2 c5 25. d4 b6 26. Ng3 Kg7 27. g5 h6 28. h4 hxg5 29. hxg5 f6 30. gxf6+ Kxf6 31. Rh1 Kg7 32. Kg2 Rxe3 33. Rd1 Re8 34. Kf2 Bg4 35. Rd2 c4 36. Nf1 Rf8+ 37. Kg1 b5 38. Ne3 Be6 39. Re2 Rf6 40. Ng2 g5 41. Re5 Kg6 42. Ne3 a6 43. Nxd5 Bxd5 44. Rxd5 Kh5 45. Kg2 Kh4 46. Re5 g4 47. d5 Rf3 48. Re4 Rd3 49. Rd4 Rxd4 0-1


[Site "https://www.chess.com"]

[Event "Titled Tuesday Blitz October 18 Late 2022"]
[White "Jaferian, Koosha"]
[Black "Ovezdurdyyeva, Jemal"]
[WhiteFideId "12507440"]
[BlackFideId "14001888"]
[WhiteElo "2127"]
[BlackElo "1961"]
[Result "1-0"]
[Round "01"]
[TimeControl "180+1"]
[Date "2022.10.19"]
[WhiteClock "0:01:19"]
[BlackClock "0:00:19"]

1. Nf3 Nf6 2. b3 e6 3. Bb2 Be7 4. e3 O-O 5. Be2 b6 6. O-O Bb7 7. d4 c5 8. c4 d5 9. cxd5 exd5 10. Nbd2 Nc6 11. Rc1 Rc8 12. Bd3 Re8 13. Re1 Bf8 14. Nf1 cxd4 15. Nxd4 Ne4 16. Ng3 Bb4 17. Re2 Nxd4 18. Bxd4 Rxc1 19. Qxc1 Qd7 20. Rc2 Nxg3 21. hxg3 Rc8 22. Qb1 g6 23. Ba1 Be7 24. Qb2 f6 25. Qd4 Rxc2 26. Bxc2 Qc7 27. Bd1 Qc5 28. Qa4 a5 29. Qd7 Bc8 30. Qe8+ Kg7 31. Bd4 Qc7 32. Bxb6 Qxb6 33. Qxe7+ Kh6 34. Qf8+ Kg5 35. Qxc8 1-0


[Site "https://www.chess.com"]

[Event "Titled Tuesday Blitz October 18 Late 2022"]
[White "Jimenez Almeida, Luis David"]
[Black "Naroditsky, Daniel"]
[WhiteFideId "22242244"]
[BlackFideId "2026961"]
[WhiteElo "2158"]
[BlackElo "2628"]
[Result "0-1"]
[Round "01"]
[TimeControl "180+1"]
[Date "2022.10.18"]
[WhiteClock "0:00:16"]
[BlackClock "0:00:16"]

1. d4 Nf6 2. Nf3 g6 3. Bg5 Bg7 4. Nbd2 O-O 5. e3 d6 6. Be2 b6 7. a4 a5 8. O-O Bb7 9. c3 Nbd7 10. Re1 e5 11. dxe5 dxe5 12. e4 Qe7 13. Bb5 Nc5 14. Qc2 Ne6 15. Bh4 Nf4 16. Rad1 Rad8 17. Bf1 h6 18. Bg3 N6h5 19. Nc4 Nxg3 20. hxg3 Nh5 21. Ne3 Nf6 22. Nd2 h5 23. Bc4 Bh6 24. Bd3 Rd7 25. Ndf1 Rfd8 26. f3 Qc5 27. Kh1 Bc6 28. b3 Kg7 29. c4 Rh8 30. Nd5 Ne8 31. Qe2 Bb7 32. Bc2 c6 33. Nde3 Re7 34. Rd3 Nf6 35. Red1 Bc8 36. Qf2 Be6 37. Kg1 Bg5 38. f4 exf4 39. gxf4 Nxe4 40. Qf3 Bg4 0-1


[Site "https://www.chess.com"]

[Event "Titled Tuesday Blitz October 18 Late 2022"]
[White "Jimenez Fernandez, Rebeca"]
[Black "Sargsyan, Anna M."]
[WhiteFideId "32070934"]
[BlackFideId "13308130"]
[WhiteElo "1946"]
[BlackElo "2284"]
[Result "0-1"]
[Round "01"]
[TimeControl "180+1"]
[Date "2022.10.19"]
[WhiteClock "0:01:38"]
[BlackClock "0:01:50"]

1. e4 c6 2. d4 d5 3. exd5 cxd5 4. Bd3 Nc6 5. c3 Nf6 6. Nf3 Bg4 7. O-O e6 8. Nbd2 Bd6 9. h3 Bh5 10. Qc2 O-O 11. Re1 Rc8 12. Ne5 Nxd4 13. Qb1 Nc6 14. Ng4 Bxg4 15. hxg4 Nxg4 16. Bxh7+ Kh8 17. Qd3 Qh4 18. Qf3 Kxh7 19. Ne4 dxe4 20. Rxe4 Nce5 21. Qe2 Qh2+ 22. Kf1 Qh1# 0-1


[Site "https://www.chess.com"]

[Event "Titled Tuesday Blitz October 18 Late 2022"]
[White "Jobava, Baadur"]
[Black "Ibadov, Dashgyn"]
[WhiteFideId "13601520"]
[BlackFideId "24107514"]
[WhiteElo "2582"]
[BlackElo "2208"]
[Result "1-0"]
[Round "01"]
[TimeControl "180+1"]
[Date "2022.10.18"]
[WhiteClock "0:01:35"]
[BlackClock "0:00:01"]

1. d4 d5 2. Nc3 Nf6 3. Bf4 a6 4. e3 e6 5. a3 c5 6. h3 Nc6 7. Nf3 Bd6 8. dxc5 Bxc5 9. Bd3 h6 10. O-O Bd6 11. Re1 O-O 12. Qd2 e5 13. Bg3 Be6 14. Rad1 Qc7 15. Bh4 g5 16. Bg3 Nh5 17. Bh2 Rad8 18. e4 dxe4 19. Nxe4 Be7 20. Qc3 Nf4 21. Bxf4 exf4 22. Nf6+ Bxf6 23. Qxf6 Rd6 24. Nxg5 1-0


[Site "https://www.chess.com"]